 Dungeon Crawl Stone Soup version 0.25-a0-108-gda8bd6cf83 (webtiles) character file.

Game seed: 15556308968885146262, levelgen mode: deterministic

86 MirrMurr the Poker (level 4, -6/60 HPs)
             Began as a Centaur Berserker on Nov 18, 2019.
             Was a Believer of Trog.
             Mangled by a kobold
             ... wielding a +0 short sword
              (8 damage)
             ... on level 3 of the Dungeon.
             The game lasted 00:04:28 (1779 turns).

MirrMurr the Poker (Centaur Berserker)              Turns: 1779, Time: 00:04:28

Health: -6/60      AC:  4    Str: 25    XL:     4   Next: 26%
Magic:  4/4        EV:  9    Int:  6    God:    Trog [**....]
Gold:   123        SH:  0    Dex:  9    Spells: 3/3 levels left

rFire    . . .     SeeInvis .   a - +0 spear
rCold    . . .     Gourm    .   (no shield)
rNeg     . . .     Faith    .   b - +0 animal skin
rPois    .         Spirit   .   (no helmet)
rElec    .         Reflect  .   (no cloak)
rCorr    .         Harm     .   (no gloves)
MR       .....                  (no barding)
Stlth    ..........             (no amulet)
HPRegen  0.20/turn              (no ring)
MPRegen  0.09/turn              (no ring)

@: berserking, lethally poisoned (-6 -> -8), very quick
A: large, hooves 3, deformed body, speed 2, tough skin 3
a: Berserk, Trog's Hand, Renounce Religion


You were on level 3 of the Dungeon.
You worshipped Trog.
Trog was pleased with you.
You were not hungry.

You visited 1 branch of the dungeon, and saw 3 of its levels.

You collected 123 gold pieces.

Inventory:

Hand Weapons
 a - a +0 spear (weapon)
Missiles
 e - 82 stones (quivered)
 i - 17 arrows
Armour
 b - a +0 animal skin (worn)
Scrolls
 d - a scroll of identify
Potions
 f - 2 potions of resistance
 g - a potion of haste
 h - a potion of ambrosia
 l - a potion of curing {unknown}
Comestibles
 c - 3 rations


   Skills:
 + Level 3.8 Fighting
 * Level 4.1 Polearms
 - Level 1.3 Armour
 - Level 1.3 Dodging


You had 3 spell levels left.
You didn't know any spells.
Your spell library was empty.

Dungeon Overview and Level Annotations

Branches:
Dungeon (3/15)

Altars:


Innate Abilities, Weirdness & Mutations

You have hooves in place of feet.
Armour fits poorly on your strangely shaped body.
You cover ground very quickly.
You have extremely tough skin. (AC +3)


Message History

* * * LOW HITPOINT WARNING * * *
Natasha casts a spell at you. The magic dart hits you.
* * * LOW HITPOINT WARNING * * *
You hit Natasha.
You kill Natasha!
Trog accepts your kill.
Trog appreciates your killing of a magic user.
Natasha screams in fury as she dies!
The iron imp disappears in a puff of smoke!
Your Polearms skill increases to level 4!
You have reached level 4!
You feel agile.
* * * LOW HITPOINT WARNING * * *
You feel sick. The bat barely misses you.
You hit the hobgoblin.
You kill the hobgoblin!
Trog accepts your kill.
The kobold hits you with a +0 short sword!
You die...

.......##.#####
#...............
#...............
#.........[.....
#......§§.......
#......§.§......
#......K†.....?.
#.......@b......
####.(.........
##(.(.......
########..) .. .


You could see a bat and a kobold.

Vanquished Creatures
  Natasha (D:3)
  An ooze (D:2)
  3 worms (D:2)
  A dart slug (D:2)
  2 ball pythons
  3 giant cockroaches
  6 goblins
  5 hobgoblins
  3 kobolds (D:2)
  A quokka (D:2)
  8 bats
  5 frilled lizards
  5 rats (D:1)
44 creatures vanquished.

Notes
Turn   | Place    | Note
-------+----------+-------------------------------------------
     0 | D:1      | MirrMurr the Centaur Berserker began the quest for the Orb.
     0 | D:1      | Reached XP level 1. HP: 19/19 MP: 1/1
   121 | D:1      | Reached skill level 3 in Polearms
   210 | D:1      | Reached XP level 2. HP: 26/26 MP: 2/2
   795 | D:2      | Reached ** piety under Trog
  1047 | D:2      | Reached XP level 3. HP: 31/31 MP: 3/3
  1764 | D:3      | Noticed Natasha
  1777 | D:3      | HP: 2/46 [Natasha/magic dart (2)]
  1778 | D:3      | Killed Natasha
  1778 | D:3      | Reached skill level 4 in Polearms
  1778 | D:3      | Reached XP level 4. HP: 3/40 MP: 4/4
  1779 | D:3      | Mangled by a kobold

Levels and vault maps discovered:
D:1:      zelgadis_glass_arrival_small, layout_basic, nrook_mini_vaults
D:2:      layout_basic
D:3:      layout_rooms, first_ration, serial_bayou_ford_a, uniq_natasha

Skill      XL: |  1  2  3 |
---------------+----------+-----
Polearms       | 3 4 |  4.1
Fighting       | |  3.8
Armour         | |  1.3
Dodging        | |  1.3

Action                   |  1- 3 |  4- 6 || total
-------------------------+-------+-------++-------
Melee: Spear             |   146 |     1 ||   147
       Kick              |    26 |       ||    26
Invok: Berserk           |     1 |       ||     1
  Use: Scroll            |     5 |       ||     5
  Eat: Chunk             |     2 |       ||     2
Armor: Animal skin       |    32 |       ||    32
Dodge: Dodged            |    56 |     1 ||    57

Table legend:
 A = Non-vault XP
 B = Vault XP
 C = Vault XP percentage of total XP
 D = Non-vault monster count
 E = Vault monster count
 F = Vault count percentage of total count
                 A         B        C        D         E       F
            +---------+---------+-------+---------+---------+-------
      Total |      84 |      39 |  31.7 |      43 |       1 |   2.3
            +---------+---------+-------+---------+---------+-------
        D:1 |      22 |       0 |   0.0 |      16 |       0 |   0.0
        D:2 |      55 |       0 |   0.0 |      23 |       0 |   0.0
        D:3 |       7 |      39 |  84.8 |       4 |       1 |  20.0
            +---------+---------+-------+---------+---------+-------
